 Dungeon Crawl Stone Soup version 0.31-a0-175-g9f7f995f2b (webtiles) character file.

Game seed: 8907039438256673439

58 qw the Shooter (level 4, -1/28 HPs)
             Began as a Gargoyle Hunter on June 17, 2023.
             Slain by a goblin
             ... wielding a +0 club
             ... led by Robin
              (5 damage)
             ... on level 2 of the Dungeon.
             The game lasted 00:00:21 (1100 turns).

qw the Shooter (Gargoyle Hunter)                    Turns: 1100, Time: 00:00:21

Health: -1/28      AC:  6    Str: 14    XL:     4   Next: 1%
Magic:  4/4        EV: 11    Int: 10    God:
Gold:   64         SH:  0    Dex: 15    Spells: 3/3 levels left

rFire   . . .        Y - +0 shortbow
rCold   . . .        (shield currently unavailable)
rNeg    + . .        c - +0 leather armour
rPois   inf          (no helmet)
rElec   +            (no cloak)
rCorr   .            (no gloves)
SInv    .            (no boots)
Will    .....        (no amulet)
Stlth   ++           (no ring)
HPRegen 0.24/turn    (no ring)
MPRegen 0.09/turn

%: no passive effects
@: no status effects
A: sickness immunity, AC +3, negative energy resistance 1, electricity
resistance, torment resistance 1, petrification resistance
a: no special abilities


You were on level 2 of the Dungeon.
You visited 1 branch of the dungeon, and saw 2 of its levels.

You collected 64 gold pieces.


Innate Abilities, Weirdness & Mutations

You are immune to sickness and miasma.
Your stone body is resilient. (AC +3)
You are immune to poison.
You resist negative energy. (rN+)
You are resistant to electric shocks. (rElec)
You are resistant to unholy torment.
You are immune to petrification.


   Skills:
 - Level 3.0 Fighting
 + Level 5.1 Ranged Weapons
 - Level 1.5 Dodging
 - Level 1.1 Stealth


You had 3 spell levels left.
You didn't know any spells.
Your spell library was empty.

Inventory:

Hand Weapons
 Y - a +0 shortbow (weapon)
Armour
 c - a +0 leather armour (worn)
Potions
 f - a potion of heal wounds {unknown}
 g - a potion of haste {unknown}

Dungeon Overview and Level Annotations

Branches:
Dungeon (2/15)

Altars:

Annotations:
D:2 Robin


Message History

You shoot an arrow. The arrow hits the adder.
You kill the adder!
A hobgoblin comes into view.
The hobgoblin hits you but does no damage.
You shoot an arrow. The arrow barely misses the hobgoblin.
A hobgoblin comes into view.
You shoot an arrow. The arrow hits the hobgoblin!
You kill the hobgoblin!
Your Fighting skill increases to level 3!
You shoot an arrow.
The arrow completely misses the hobgoblin.
The goblin no longer looks unusually strong.
Robin throws the goblin at you! The hobgoblin barely misses you.
The goblin closely misses you.
You shoot an arrow. The arrow hits the goblin.
You kill the goblin!
Robin roars a battlecry!
The goblins go into a battle-frenzy!
The hobgoblin barely misses you. The hobgoblin hits you.
You shoot an arrow. The arrow hits the hobgoblin.
The hobgoblin is severely wounded.
The hobgoblin closely misses you.
You shoot an arrow. The arrow hits the hobgoblin.
You kill the hobgoblin!
The hobgoblin no longer looks unusually strong.
Robin throws the goblin at you!
You have reached level 4!
You feel clever.
You shoot an arrow. The arrow hits the gnoll.
The gnoll is moderately wounded.
The gnoll hits you with a +0 whip. The goblin misses you.
Robin roars a battlecry!
The hobgoblin goes into a battle-frenzy!
You shoot an arrow. The arrow hits the gnoll.
The gnoll is severely wounded.
The gnoll closely misses you. The goblin hits you with a +0 club.
You shoot an arrow.
The arrow hits the gnoll but does no damage.
The gnoll is severely wounded.
The gnoll hits you with a +0 whip. The goblin hits you with a +0 club.
You die...

#.# #.# #.# #.#
#.# .######.##
gg.g.gg%.# #@g#
#..######
#.....).#
#######.###.##
#.......# #.#
.#.#########.#
.#.#<........#
##.#.#.#########
#..#.#.#


You could see Robin, a gnoll, 2 hobgoblins and 2 goblins.

Vanquished Creatures
  2 gnolls (D:2)
  An adder (D:2)
  A ball python (D:1)
  4 bats (D:1)
  An endoplasm (D:1)
  3 goblins
  8 hobgoblins
  A quokka (D:1)
  A frilled lizard (D:1)
  2 kobolds (D:1)
  3 rats (D:1)
  A spectral kobold (D:2)
28 creatures vanquished.

Notes
Turn   | Place    | Note
-------+----------+-------------------------------------------
     0 | D:1      | qw the Gargoyle Hunter began the quest for the Orb.
     0 | D:1      | Reached XP level 1. HP: 12/12 MP: 1/1
     0 | D:1      | 0 ||| qw: Version: 0.3-a-2-g5ab2908
     0 | D:1      | 0 ||| qw: Game counter: 279
     0 | D:1      | 0 ||| qw: Always use a shield: true
     0 | D:1      | 0 ||| qw: God list: Okawaru
     0 | D:1      | 0 ||| qw: Allow faded altars: false
     0 | D:1      | 0 ||| qw: Do Orc after D:15 true
     0 | D:1      | 0 ||| qw: Do second Lair branch before Depths: true
     0 | D:1      | 0 ||| qw: Lair rune preference: random
     0 | D:1      | 0 ||| qw: Plans: Normal, Zot:1-4, Slime:5, God:TSO, Crypt,
                  | Tomb, Abyss, Pan, Hells, Win
     0 | D:1      | 0 ||| PLANNING D:1-11
   158 | D:1      | Reached XP level 2. HP: 17/17 MP: 2/2
   860 | D:1      | 860 ||| READING scroll labelled KOMEMN DANE.
   861 | D:1      | 861 ||| READING scroll labelled KEUK ROESU.
   862 | D:1      | 862 ||| DROPPING scroll of butterflies.
   901 | D:2      | 901 ||| STAIRDANCE
   937 | D:2      | 937 ||| STAIRDANCE
   944 | D:1      | Reached XP level 3. HP: 14/21 MP: 3/3
   986 | D:2      | Found a faded altar of an unknown god.
  1078 | D:2      | Reached skill level 5 in Ranged Weapons
  1081 | D:2      | Noticed Robin
  1094 | D:2      | Reached skill level 3 in Fighting
  1098 | D:2      | Reached XP level 4. HP: 11/28 MP: 4/4
  1100 | D:2      | HP: 4/28 [gnoll/+0 whip (5)]
  1100 | D:2      | Slain by a goblin

Levels and vault maps discovered:
D:1:      dpeg_arrival_subterranean_lakeside_camping, layout_basic,
          minmay_misc_feat_four_crosses, nrook_loot_triangle
D:2:      layout_basic, dreamdust_ecumenical_altar_drowned_temple, uniq_robin

Skill      XL: |  1  2  3 |
---------------+----------+-----
Ranged Weapons | 5 |  5.1
Fighting       | 3 |  3.0
Dodging        | |  1.5
Stealth        | |  1.1

Action                     |  1- 3 |  4- 6 || total
---------------------------+-------+-------++-------
   Fire: Shortbow          |    84 |     3 ||    87
    Use: Scroll            |     2 |       ||     2
 Armour: Leather armour    |    18 |       ||    18
  Dodge: Dodged            |    37 |     2 ||    39

Table legend:
 A = Non-vault XP
 B = Vault XP
 C = Vault XP percentage of total XP
 D = Non-vault monster count
 E = Vault monster count
 F = Vault count percentage of total count
                 A         B        C        D         E       F
            +---------+---------+-------+---------+---------+-------
      Total |      65 |      18 |  21.7 |      17 |      11 |  39.3
            +---------+---------+-------+---------+---------+-------
        D:1 |      24 |      10 |  29.4 |      14 |       6 |  30.0
        D:2 |      41 |       8 |  16.3 |       3 |       5 |  62.5
            +---------+---------+-------+---------+---------+-------
